 Dungeon Crawl Stone Soup version bcrawl-1.27.6 (webtiles) character file.

Game seed: 12202330962166013333

143613 DogServant the Firebug (level 6, -16/32 HPs)
             Began as an Avariel Fire Elementalist on Oct 8, 2020.
             Demolished by an ogre
             ... wielding a +0 giant club
              (20 damage)
             ... on level 4 of the Dungeon.
             The game lasted 00:07:10 (3225 turns).

DogServant the Firebug (Avariel Fire Elementalist)  Turns: 3225, Time: 00:07:10

Health: -16/32     AC:  3    Str:  6    XL:     6   Next: 2%
Magic:  13/14      EV: 12    Int: 23    God:
Gold:   374        SH:  0    Dex: 13    Spells: 5/13 levels left

rFire    + . .     SeeInvis .   g - +0 short sword (speed)
rCold    . . .     Gourm    .   (no shield)
rNeg     . . .     Faith    .   a - +0 robe
rPois    .         Spirit   .   h - +1 hat
rElec    .         Reflect  .   t - scarf {clouds}
rCorr    .         Harm     .   (no gloves)
MR       .....                  (no boots)
Stlth    ++........             r - amulet of rage
HPRegen  0.10/turn              o - ring of protection from fire
MPRegen  0.14/turn              (no ring)

@: no status effects
A: no striking features
a: Evoke Fog, Evoke Berserk Rage


You were on level 4 of the Dungeon.
You were near starving.

You visited 1 branch of the dungeon, and saw 4 of its levels.

You collected 374 gold pieces.

Inventory:

Hand Weapons
 g - a +0 short sword of speed (weapon)
Missiles
 c - 958 stones (quivered)
Armour
 a - a +0 robe (worn)
 h - a +1 hat (worn)
 t - a scarf of clouds (worn)
Jewellery
 o - a ring of protection from fire (left hand)
 r - an amulet of rage (around neck)
Wands
 s - a wand of iceblast (12)
Scrolls
 b - 2 scrolls of teleportation
 f - a scroll of identify
 i - a scroll of blinking {unknown}
 k - 2 scrolls of amnesia
 m - 2 scrolls of fog
 v - a scroll of enchant weapon {unknown}
Potions
 d - 4 potions of curing
 j - a potion of heal wounds {unknown}
 l - a potion of degeneration {unknown}
 n - 2 potions of mutation {unknown}
 p - a potion of flight {unknown}
 u - a potion of brilliance {unknown}
Comestibles
 e - 4 rations {!d}


   Skills:
 - Level 2.1 Dodging
 - Level 2.1 Stealth
 - Level 4.2 Spellcasting
 + Level 4.7 Conjurations
 + Level 5.1 Fire Magic


You had 5 spell levels left.
You knew the following spells:

 Your Spells              Type           Power        Failure   Level  Hunger
a - Flame Tongue          Conj/Fire      ####.        1%          1    None
b - Conjure Flame         Conj/Fire      ####....     4%          3    ###....
c - Sticky Flame          Conj/Fire      ####....     13%         4    #####..

Your spell library contained the following spells:

 Spells                   Type           Power        Failure   Level  Hunger
 Flaming Arrows           Chrm/Fire      ###.....     5%          2    None
 Inner Flame              Hex/Fire       N/A          11%         3    ###....
 Fireball                 Conj/Fire      ####......   36%         5    ######.


Dungeon Overview and Level Annotations

Branches:
Dungeon (4/12)
 Temple: D:4-7

Altars:


Message History

Confirm with . or Enter, or press ? or * to list all spells.
You don't know that spell.
The ogre hits you with a +0 giant club!!
Ouch! That really hurt!
* * * LOW HITPOINT WARNING * * *
You hit the ogre.
The ogre is moderately wounded.
You hit the ogre but do no damage.
The ogre is moderately wounded.
The ogre closely misses you.
Casting: Conjure Flame (safe; 4% risk of failure)
Confirm with . or Enter, or press ? or * to list all spells.
Aiming: Flame Tongue (safe; 1% risk of failure)
Press: ? - help, Shift-Dir - straight line, f/p - ogre
Aim: an ogre, wielding a +0 giant club (moderately wounded)
The flame tongue hits the ogre.
The ogre is heavily wounded.
The ogre hits you with a +0 giant club!!
Ouch! That really hurt!
You die...

### #.# #.#
#.# #.# #.#
#.# #.#
.#########.#
...)...O@..#
############


You could see an ogre.

Vanquished Creatures
  A centaur (D:4)
  A worker ant (D:2)
  A gnoll (D:2)
  3 adders (D:3)
  An ooze (D:1)
  A worm (D:2)
  4 dart slugs
  4 leopard geckos
  4 bats
  A giant cockroach (D:2)
  13 hobgoblins
  6 jackals
  2 quokkas (D:3)
  A ball python (D:2)
  A frilled lizard (D:1)
  14 goblins
  7 kobolds
  3 rats
68 creatures vanquished.

Notes
Turn   | Place    | Note
-------+----------+-------------------------------------------
     0 | D:1      | DogServant the Avariel Fire Elementalist began the quest
                  | for the Orb.
     0 | D:1      | Reached XP level 1. HP: 10/10 MP: 6/6
   208 | D:1      | Reached XP level 2. HP: 15/15 MP: 6/8
   920 | D:1      | Reached XP level 3. HP: 19/19 MP: 6/9
  1347 | D:2      | Learned a level 3 spell: Conjure Flame
  1448 | D:2      | Reached skill level 4 in Fire Magic
  1448 | D:2      | Reached XP level 4. HP: 24/24 MP: 6/11
  1922 | D:2      | Found a faded altar of an unknown god.
  2285 | D:3      | Reached XP level 5. HP: 26/28 MP: 10/13
  2291 | D:3      | Learned a level 4 spell: Sticky Flame
  2426 | D:3      | Learned a level 2 spell: Flaming Arrows
  2934 | D:4      | Noticed a centaur
  2941 | D:4      | Killed a centaur
  2941 | D:4      | Reached skill level 5 in Fire Magic
  2941 | D:4      | Reached XP level 6. HP: 18/32 MP: 6/14
  3225 | D:4      | Demolished by an ogre

Skill      XL: |  1  2  3  4  5 |
---------------+----------------+-----
Spellcasting   | 3 4 |  4.2
Conjurations   | 2 3 4 |  4.7
Fire Magic     | 4 5 |  5.1
Dodging        | |  2.1
Stealth        | |  2.1

Action                   |  1- 3 |  4- 6 || total
-------------------------+-------+-------++-------
Melee: Short sword       |    19 |    90 ||   109
Throw: Stone             |       |    26 ||    26
 Cast: Flame Tongue      |    48 |    62 ||   110
       Conjure Flame     |       |     6 ||     6
       Flaming Arrows    |       |     1 ||     1
  Use: Scroll            |       |     6 ||     6
 Stab: Sleeping          |       |     3 ||     3
  Eat: Chunk             |     3 |     7 ||    10
Armor: Robe              |     7 |    19 ||    26
Dodge: Dodged            |    32 |    58 ||    90
